Map: 16-Bit LE

Players

Denver

  • Race: Zerg Zerg
  • Spawn Location: 7:00

iAsonu - Winner!

  • Race: Zerg Zerg
  • Spawn Location: 1:00

Event: WCS Valencia 2018

VOD

Have the link to the VOD?

Description

Time

  • Played on: July 12, 2018, 2:21 p.m.
  • Length: 12:29

All games in this series

Show
View Real Time Build Order
Export as new Build Order

Denver Zerg 

Build Orders: Hatch First 

Get SALT Encoding   

  12  0:00  Drone  
  13  0:14  Overlord  
  13  0:18  Drone  
  14  0:32  Drone x2  
  16  0:35  Drone  
  17  0:54  Hatchery  
  16  0:57  Drone  
  16  1:01  Drone  
  18  1:11  Extractor  
  17  1:17  Spawning Pool  
  16  1:19  Drone  
  16  1:23  Drone  
  18  1:29  Drone  
  19  1:41  Overlord  
  19  1:51  Drone  
  20  2:03  Queen  
  20  2:04  Zergling x2  
  20  2:05  Queen  
  20  2:06  Zergling x2  
  26  2:16  Drone  
  26  2:18  Drone  
  28  2:25  Drone  
  29  2:31  Drone  
  30  2:39  Drone  
  30  2:40  Drone  
  32  2:48  Hatchery  
  31  2:53  Baneling Nest  
  31  2:56  Drone  
  31  2:59  Drone  
  31  3:01  Drone  
  33  3:06  Drone  
  33  3:08  Overlord  
  35  3:13  Evolution Chamber  
  35  3:16  Drone x3  
  35  3:18  Overlord  
  36  3:22  Overlord  
  36  3:27  Drone  
  36  3:28  Drone x2  
  36  3:31  Drone  
  40  3:36  Queen  
  40  3:40  Drone x2  
  44  3:46  Zerg Missile Weapons Level 1  
  44  3:47  Drone  
  44  3:48  Drone x2  
  46  3:52  Drone x2  
  48  4:00  Roach Warren, Drone  
  48  4:01  Drone  
  50  4:02  Drone  
  50  4:06  Extractor  
  50  4:09  Lair  
  49  4:11  Drone  
  49  4:14  Drone x2  
  49  4:16  Drone  
  53  4:20  Overlord  
  53  4:25  Overlord  
  53  4:26  Overlord  
  53  4:43  Roach  
  53  4:44  Roach x8  
  71  4:48  Roach  
  71  4:50  Overlord  
  73  4:53  Roach x2  
  73  4:55  Overlord  
  73  4:58  Extractor, Overlord  
  76  5:02  Overlord  
  76  5:07  Evolution Chamber  
  76  5:10  Roach x3  
  81  5:14  Roach  
  80  5:23  Roach  
  80  5:25  Drone x6  
  88  5:33  Overseer, Evolution Chamber  
  88  5:34  Drone x3  
  88  5:35  Drone  
  91  5:37  Drone  
  91  5:41  Extractor  
  91  5:46  Glial Reconstitution, Queen  
  93  5:54  Roach x3  
  99  5:57  Roach  
  99  5:58  Evolution Chamber  
  99  6:00  Roach  
  99  6:03  Overlord  
  102  6:06  Evolution Chamber  
  102  6:09  Roach x2, Evolution Chamber  
  104  6:13  Roach  
  104  6:17  Overlord  
  104  6:23  Roach x2  
  104  6:24  Roach x2  
  108  6:29  Roach x3  
  114  6:34  Drone x2  
  114  6:35  Drone x2  
  114  6:37  Extractor  
  113  6:40  Roach x3  
  117  6:49  Queen x2  
  117  6:50  Extractor, Drone x2  
  112  6:58  Overseer  
  100  7:01  Overseer  
  100  7:05  Spore Crawler  
  100  7:06  Drone x6  
  105  7:14  Queen  
  105  7:15  Nydus Network  
  106  7:21  Spore Crawler  
  105  7:26  Drone  
  105  7:27  Drone x5  
  113  7:34  Spore Crawler  
  110  7:37  Drone x5  
  112  7:44  Drone x2  
  112  7:46  Overlord  
  112  7:47  Zerg Missile Weapons Level 2  
  112  7:48  Zerg Ground Armor Level 1  
  112  7:49  Overlord  
  96  7:59  Infestation Pit, Queen  
  93  8:07  Spore Crawler  
  88  8:14  Hydralisk Den  
  88  8:16  Hatchery  
  88  8:18  Nydus Canal, Roach  
  88  8:19  Roach x4  
  94  8:23  Roach x2  
  94  8:24  Roach  
  102  8:34  Roach x6  
  102  8:40  Infestor x2  
  112  8:49  Overlord  
  112  8:54  Hydralisk x2, Roach x3  
  122  9:06  Overlord  
  120  9:11  Muscular Augments  
  120  9:13  Drone x7  
  127  9:17  Hydralisk  
  127  9:19  Overlord x2  
  129  9:25  Extractor  
  129  9:27  Extractor  
  129  9:30  Spore Crawler  
  126  9:36  Infestor x2  
  126  9:38  Hydralisk x4, Roach  
  126  9:45  Hydralisk x2  
  128  9:52  Hydralisk x2  
  126  10:02  Hydralisk x3  
  126  10:03  Hydralisk  
  118  10:15  Drone x10  
  118  10:16  Drone x2  
  118  10:18  Infestor  
  128  10:22  Grooved Spines  
  128  10:24  Roach x2  
  128  10:34  Hydralisk x2  
  120  10:39  Hatchery  
  107  10:44  Hydralisk x4  
  115  10:55  Hydralisk x4  
  115  10:56  Hydralisk  
  123  10:59  Roach x2  
  123  11:03  Roach x2  
  125  11:08  Overlord  
  125  11:11  Roach x2  
  129  11:13  Overlord  
  129  11:18  Infestor x2  
  130  11:25  Overlord, Hatchery  
  133  11:27  Overlord  
  133  11:31  Infestation Pit  
  132  11:37  Overlord  
  130  11:43  Overlord  
  130  11:46  Drone  
  130  11:47  Drone x6  
  135  11:50  Hydralisk x2  
  139  11:58  Ravager x3  
  139  11:59  Ravager x2  
  121  12:10  Overseer  
Show
View Real Time Build Order
Export as new Build Order

iAsonu Zerg - Winner!

Build Orders: 3 Hatch before Pool, Lurkers 

Get SALT Encoding   

  12  0:01  Drone  
  13  0:13  Overlord  
  13  0:19  Drone  
  14  0:32  Drone  
  14  0:33  Drone  
  16  0:36  Drone  
  17  0:53  Hatchery  
  17  0:56  Drone  
  17  1:01  Drone  
  18  1:20  Hatchery  
  18  1:22  Drone  
  18  1:37  Spawning Pool  
  18  1:38  Drone  
  18  1:41  Drone  
  18  1:44  Drone  
  20  1:55  Drone  
  21  2:02  Drone  
  21  2:08  Drone  
  23  2:13  Drone  
  24  2:16  Drone  
  25  2:23  Overlord, Queen  
  25  2:26  Queen  
  25  2:27  Extractor  
  29  2:33  Queen  
  29  2:34  Zergling x2  
  29  2:35  Zergling x2  
  33  2:37  Drone  
  33  2:44  Drone x2  
  36  2:48  Extractor x2  
  36  2:49  Drone x2  
  36  2:54  Overlord  
  36  2:56  Drone  
  37  3:00  Drone  
  38  3:06  Drone  
  38  3:07  Queen  
  41  3:18  Drone  
  42  3:23  Evolution Chamber  
  41  3:27  Evolution Chamber  
  41  3:28  Drone x2  
  41  3:30  Drone  
  41  3:31  Roach Warren, Drone  
  43  3:35  Metabolic Boost  
  43  3:37  Drone  
  44  3:47  Overlord  
  44  3:49  Drone x3  
  47  3:58  Overlord  
  47  4:02  Drone x3  
  50  4:04  Lair  
  50  4:07  Drone  
  50  4:08  Drone  
  53  4:13  Drone  
  53  4:14  Drone  
  55  4:21  Overlord  
  55  4:23  Zergling x12  
  61  4:30  Zergling x2, Zerg Melee Weapons Level 1  
  61  4:31  Zergling x2  
  63  4:36  Zergling x6  
  65  4:42  Zergling x2  
  65  4:43  Zergling x4  
  68  4:48  Zergling x2  
  68  4:52  Overlord  
  69  4:56  Zergling x4  
  71  5:03  Zergling x4  
  71  5:06  Extractor  
  72  5:07  Extractor x2, Spire  
  72  5:08  Overlord  
  72  5:09  Extractor  
  72  5:13  Drone  
  72  5:14  Drone x5  
  73  5:18  Drone  
  73  5:23  Drone  
  73  5:25  Drone  
  73  5:27  Drone  
  72  5:30  Spine Crawler  
  72  5:33  Spine Crawler  
  72  5:34  Drone x5  
  72  5:35  Spine Crawler  
  74  5:36  Spine Crawler  
  74  5:37  Drone x2  
  74  5:38  Spine Crawler  
  74  5:40  Drone  
  74  5:41  Drone  
  76  5:43  Drone  
  76  5:47  Spine Crawler, Drone  
  77  5:55  Spine Crawler  
  76  5:57  Spine Crawler  
  76  6:00  Spine Crawler  
  76  6:02  Drone x4  
  78  6:14  Zergling x6  
  78  6:15  Zergling x12  
  85  6:24  Mutalisk  
  85  6:25  Mutalisk x3  
  85  6:28  Mutalisk  
  85  6:30  Mutalisk  
  86  6:35  Mutalisk  
  86  6:39  Mutalisk  
  82  6:53  Mutalisk  
  75  6:57  Drone x4  
  75  6:58  Drone x2  
  77  7:03  Drone x2  
  79  7:09  Drone  
  79  7:10  Overseer, Drone  
  79  7:11  Drone  
  79  7:14  Queen  
  84  7:16  Queen  
  84  7:19  Drone  
  87  7:28  Mutalisk  
  87  7:38  Mutalisk  
  87  7:40  Overlord  
  87  7:46  Overlord  
  87  7:47  Evolution Chamber  
  86  7:52  Evolution Chamber  
  86  7:56  Overlord  
  85  7:59  Queen  
  85  8:02  Baneling Nest, Drone x6  
  85  8:04  Zerg Missile Weapons Level 1  
  85  8:05  Hydralisk Den  
  91  8:06  Roach Warren  
  91  8:07  Overseer, Drone  
  91  8:09  Drone  
  92  8:15  Drone  
  93  8:29  Mutalisk x6  
  104  8:35  Zergling x12  
  110  8:42  Mutalisk  
  112  8:51  Zergling x4  
  113  8:57  Lurker Den, Overlord  
  113  9:00  Baneling  
  113  9:01  Baneling x4  
  113  9:02  Overlord  
  112  9:14  Hatchery  
  111  9:18  Drone x2  
  113  9:52  Roach  
  113  9:53  Roach x8  
  113  9:58  Overlord  
  128  10:07  Roach  
  128  10:13  Overlord x4  
  129  10:17  Hydralisk x5  
  129  10:20  Glial Reconstitution  
  138  10:26  Overlord x2  
  138  10:32  Overlord  
  138  10:33  Roach  
  138  10:34  Roach x6  
  142  10:45  Roach x4  
  150  10:52  Lurker  
  150  10:53  Lurker x2  
  150  10:54  Lurker  
  154  10:57  Queen  
  154  10:58  Queen  
  154  11:01  Extractor  
  157  11:07  Roach x3  
  157  11:08  Roach x2  
  167  11:29  Roach x7  
  167  11:30  Roach x2  
  185  11:36  Roach  
  185  11:37  Roach x2  
  189  11:49  Overlord x2  
  187  12:06  Roach x3  
  189  12:09  Overlord  
Tags
 
Add a new tag
Caveats
  • Supply blocks, unpowered buildings, or Contaminate may cause inaccurate times.
  • Supply counts are checked every 10 seconds.